AoeStats
← 一剑扫秋风nelson

African Clearing

504703081Analyzed
4v4 RM · 26d ago on Sep 6, 2026· 50m 26s· 8 players
Game mode
Random Map
Map size
Large (8 player)
Population
200
Speed
Normal
Resources
Standard
Victory
Conquest
Starting age
Dark Age
Ending age
Imperial Age
RankedLock teamsTeams togetherTeam positionsShared explorationLock speedFull tech treeHidden civsTurbo modeCheats
Victory
Defeat
🇦🇷 Vikings · Argentina
1918
+10
1890
+11
🇨🇳 Shu · China
1811
+14
🇷🇺 Bengalis · Russia
1748
+18
🇦🇷 Berbers · Argentina
1991
-21
🇧🇪 Ethiopians · Belgium
1769
-13
🇬🇧 Khmer · United Kingdom
1712
-11
🇨🇳 Burmese · China
1639
-8
Fish
11:04 Loom
12:50 Feudal Age
14:09 Double-Bit Axe
16:53 Castle Age
14:51 Horse Collar
16:13 Town Watch
16:38 Gold Mining
19:56 Bow Saw
30:41 Imperial Age
28:18 Stone Mining
29:04 Gold Shaft Mining
28:41 Scale Mail Armor
30:00 Chain Mail Armor
31:00 Fletching
31:51 Bodkin Arrow
34:46 Bracer
35:15 Elite Berserk
36:53 Conscription
37:04 Plate Mail Armor
37:20 Forging
38:37 Squires
38:22 Arson
38:23 Gambesons
38:55 Chieftains
40:36 Iron Casting
42:42 Blast Furnace
41:43 Bogsveigar
41:23 Capped Ram
44:10 Two-Man Saw
43:10 Heavy Plow
43:01 Siege Ram
一剑扫秋风nelson
11:26 Feudal Age
12:00 Double-Bit Axe
14:36 Forging
14:38 Horse Collar
15:24 Scale Barding Armor
18:41 Loom
21:20 Castle Age
21:04 Gold Mining
22:58 Wheelbarrow
22:34 Bow Saw
24:07 Town Watch
24:40 Fletching
25:49 Bodkin Arrow
31:19 Ballistics
36:15 Imperial Age
34:35 Padded Archer Armor
34:39 Husbandry
35:26 Thumb Ring
37:02 Bracer
38:03 Hand Cart
38:08 Stone Mining
39:41 Chemistry
39:16 Elite Elephant Archer
39:23 Elite Skirmisher
40:33 Leather Archer Armor
41:28 Guilds
41:43 Town Patrol
42:42 Ring Archer Armor
43:35 Two-Man Saw
42:38 Heavy Plow
42:48 Siege Elephant
43:59 Chain Barding Armor
45:44 Iron Casting
45:21 Light Cavalry
46:23 Conscription
46:24 Wootz Steel
49:37 Blast Furnace
自有大儒为我辩经
13:43 Feudal Age
12:00 Loom
13:46 Feudal Age
15:25 Double-Bit Axe
16:43 Fishing Lines
19:32 Castle Age
17:47 Fishing Lines
22:26 Bow Saw
23:24 Gold Mining
23:30 Gillnets
24:00 Horse Collar
26:38 Fletching
27:00 Heavy Plow
28:27 Wheelbarrow
29:27 Gold Shaft Mining
28:42 Stone Mining
30:25 Hand Cart
30:01 Stone Mining
29:36 Pikeman
30:18 Squires
30:05 Arson
33:30 Imperial Age
31:58 Scale Mail Armor
32:08 Forging
31:22 Pikeman
32:24 Coiled Serpent Array
33:22 Chain Mail Armor
34:46 Conscription
35:32 Plate Mail Armor
35:02 Padded Archer Armor
35:06 Halberdier
35:12 Capped Ram
36:09 Siege Engineers
36:37 Siege Ram
37:45 Leather Archer Armor
38:38 Chemistry
41:03 Two-Man Saw
40:48 Guilds
42:29 Ring Archer Armor
42:20 Ballistics
42:11 Masonry
42:02 Elite White Feather Guard
43:39 Bolt Magazine
46:25 Town Watch
46:15 Onager
47:57 Architecture
49:43 Bodkin Arrow
Blaaaa
11:25 Loom
13:25 Feudal Age
17:29 Castle Age
15:17 Double-Bit Axe
15:13 Horse Collar
18:45 Fletching
25:09 Bodkin Arrow
32:20 Scale Mail Armor
33:44 Husbandry
34:50 Bloodlines
34:46 Scale Barding Armor
35:49 Ballistics
35:42 Padded Archer Armor
36:48 Elite Skirmisher
47:58 Sanctity
52:29 Imperial Age
50:35 Wheelbarrow
Chaos
11:47 Feudal Age
13:08 Town Watch
15:45 Castle Age
13:50 Double-Bit Axe
15:36 Loom
16:30 Crossbowman
17:48 Fletching
25:23 Wheelbarrow
34:24 Horse Collar
41:41 Imperial Age
39:34 Bodkin Arrow
39:21 Elite Skirmisher
42:31 Ballistics
42:40 Bracer
45:17 Chemistry
SNWY4
10:20 Loom
12:06 Feudal Age
14:13 Double-Bit Axe
16:33 Castle Age
15:40 Horse Collar
18:06 Bloodlines
20:04 Husbandry
23:05 Gold Mining
24:15 Bow Saw
26:03 Scale Barding Armor
27:59 Chain Barding Armor
29:57 Wheelbarrow
30:26 Forging
34:07 Imperial Age
34:28 Cavalier
35:44 Plate Barding Armor
49:09 Capped Ram
教授
10:36 Loom
10:43 Loom
13:01 Feudal Age
12:23 Loom
17:15 Castle Age
16:38 Fishing Lines
19:54 Padded Archer Armor
24:13 Light Cavalry
25:03 Bloodlines
27:31 Horse Collar
28:50 Husbandry
35:21 Ballistics
38:52 Imperial Age
42:47 Chemistry
41:57 Siege Engineers
41:17 Elite Arambai
42:49 Wheelbarrow
44:54 Parthian Tactics
44:42 Man-at-Arms
45:23 Squires
45:09 Arson
46:42 Long Swordsman
47:08 Gambesons
47:36 Two-Handed Swordsman
48:37 Champion
49:29 Scale Mail Armor
49:39 Forging
49:02 Capped Ram
wR.Prisma
12:41 Feudal Age
16:13 Castle Age
15:13 Double-Bit Axe
15:08 Horse Collar
16:08 Loom
17:54 Bow Saw
18:54 Heavy Plow
22:43 Wheelbarrow
24:02 Hand Cart
25:44 Stone Mining
26:00 Gold Mining
28:24 Gold Shaft Mining
31:21 Imperial Age
30:13 Gold Shaft Mining
29:57 Kasbah
29:58 Padded Archer Armor
29:50 Fletching
30:38 Kasbah
31:06 Leather Archer Armor
31:24 Bodkin Arrow
33:13 Chemistry
32:34 Conscription
32:33 Maghrebi Camels
32:46 Bloodlines
32:37 Husbandry
32:58 Bracer
33:49 Ring Archer Armor
33:41 Ballistics
33:41 Thumb Ring
34:41 Crop Rotation
34:51 Masonry
34:36 Elite Camel Archer
35:06 Treadmill Crane
36:12 Guilds
36:09 Scale Barding Armor
36:14 Forging
36:08 Cavalier
37:21 Chain Barding Armor
38:32 Iron Casting
39:16 Plate Barding Armor
40:55 Blast Furnace
40:51 Coinage
42:08 Banking
46:14 Hoardings
Connection lost

Rejoining the realm…

Still unreachable

The connection could not be restored.

Session expired

The server has moved on; the page needs a fresh start.